 Dungeon Crawl Stone Soup version 0.24-a0-251-g44e327e (webtiles) character file.

Game seed: 5824034099302899753

161113 Gunnerkreig the Destroyer (level 17, 0/121 HPs)
             Began as an Octopode Wizard on Apr 16, 2019.
             Was a High Priest of Vehumet.
             Slain by a black mamba (15 damage)
             ... on level 2 of the Snake Pit on Apr 17, 2019.
             The game lasted 03:58:20 (47223 turns).

Gunnerkreig the Destroyer (Octopode Wizard)        Turns: 47223, Time: 03:58:21

Health: 0/121      AC:  5    Str: 14    XL:     17   Next: 48%
Magic:  9/50       EV: 21    Int: 28    God:    Vehumet [*****.]
Gold:   1178       SH:  7    Dex: 14    Spells: 5/39 levels left

rFire    + . .     SeeInvis .   D - +5 dagger of Uskayaw's Hope {speed, rPois rC- Str+4}
rCold    x . .     Gourm    .   B - +2 buckler
rNeg     + . .     Faith    .   V - +2 hat of the Special Hells {Dex+3 Stlth+}
rPois    +         Spirit   .   j - amulet of magic regeneration
rElec    .         Reflect  .   d - ring of protection from magic
rCorr    .         Harm     .   n - ring of protection from fire
MR       +++..                  t - +4 ring of dexterity
Stlth    +++++++...             s - ring "Dayveuta" {+Fly MP+9 Int+3 Dex-3}
HPRegen  0.30/turn              l - +2 ring of protection
MPRegen  0.57/turn              w - +3 ring of slaying
                                U - ring "Icias" {rN+ MR+ Str+3 Dex-2 Stlth+}
                                y - ring of magical power

@: lethally poisoned (0 -> -1)
A: almost no armour, stealthy swim, amphibious, 8 rings, constrict 8, camouflage
1, gelatinous body 1
}: 1/15 runes: decaying
a: Renounce Religion, Evoke Flight


You were on level 2 of the Snake Pit.
You worshipped Vehumet.
Vehumet was extremely pleased with you.
You were near starving.

You visited 6 branches of the dungeon, and saw 28 of its levels.
You also visited: Ossuary, Bailey and Gauntlet.

You collected 2989 gold pieces.
You spent 1811 gold pieces at shops.

Inventory:

Hand Weapons
 p - the +6 war axe "Qocau" {flame, Str+3 Dex+8 SInv}
   (You found it on level 11 of the Dungeon)

   It has been specially enchanted to burn those struck by it, causing extra
   injury to most foes and up to half again as much damage against particularly
   susceptible opponents.
   Big, fiery blades are also staple armaments of hydra-hunters.
   It affects your strength (+3).
   It affects your dexterity (+8).
   It lets you see invisible.
 D - the +5 dagger of Uskayaw's Hope (weapon) {speed, rPois rC- Str+4}
   (You found it on level 2 of the Swamp)

   Attacks with this weapon are significantly faster.
   It affects your strength (+4).
   It makes you vulnerable to cold.
   It protects you from poison.
 Q - the +7 war axe "Vama" {venom, +Fly rElec Dex-2 Stlth-}
   (You found it on level 2 of the Lair of Beasts)

   It poisons the flesh of those it strikes.
   It affects your dexterity (-2).
   It insulates you from electricity.
   It lets you fly.
   It makes you less stealthy.
Missiles
 g - 6 throwing nets
 I - 7 poisoned javelins (quivered)
 Z - 6 tomahawks of dispersal
Armour
 B - a +2 buckler (worn)
 V - the +2 hat of the Special Hells (worn) {Dex+3 Stlth+}
   (You found it in a Gauntlet)

   It affects your dexterity (+3).
   It makes you more stealthy.
Magical Staves
 f - an uncursed staff of energy
 v - an uncursed staff of fire
 R - an uncursed staff of cold
Jewellery
 d - a ring of protection from magic (left tentacle)
 j - an amulet of magic regeneration (around mantle)
 l - a +2 ring of protection (on tentacle)
 n - a ring of protection from fire (right tentacle)
 s - the ring "Dayveuta" (on tentacle) {+Fly MP+9 Int+3 Dex-3}
   (You bought it in a shop on level 10 of the Dungeon)

   [ring of flight]

   It affects your intelligence (+3).
   It affects your dexterity (-3).
   It affects your magic capacity (+9).
   It lets you fly.
 t - a +4 ring of dexterity (on tentacle)
 w - a +3 ring of slaying (on tentacle)
 y - a ring of magical power (on tentacle)
 A - an uncursed ring of positive energy
 U - the ring "Icias" (on tentacle) {rN+ MR+ Str+3 Dex-2 Stlth+}
   (You found it in a Gauntlet)

   [ring of strength]

   It affects your strength (+3).
   It affects your dexterity (-2).
   It protects you from negative energy.
   It affects your resistance to hostile enchantments.
   It makes you more stealthy.
Wands
 b - a wand of clouds (10)
 h - a wand of acid (11)
 P - a wand of disintegration (16)
Scrolls
 a - 3 scrolls of fog
 i - a scroll of amnesia
 k - 6 scrolls of teleportation
 o - a scroll of holy word
 q - 3 scrolls of enchant armour
 x - a scroll of identify
 z - 12 scrolls of remove curse
 K - 6 scrolls of fear
 L - 3 scrolls of magic mapping
 M - 3 scrolls of blinking
 X - a scroll of brand weapon {unknown}
 Y - a scroll of torment {unknown}
Potions
 e - 2 potions of brilliance
 r - 3 potions of heal wounds
 u - 7 potions of curing
 E - a potion of cancellation
 F - 2 potions of magic
 H - a potion of ambrosia
 N - 4 potions of haste
 T - 3 potions of agility
 W - 3 potions of resistance
Miscellaneous
 G - a phial of floods
 O - 2 boxes of beasts
 S - a lightning rod (4/4)
Comestibles
 c - 34 rations


   Skills:
 - Level 12.4 Fighting
 - Level 4.0 Axes
 - Level 12.4 Dodging
 - Level 10.0 Stealth
 - Level 5.0 Shields
 + Level 11.7 Spellcasting
 + Level 14.9 Conjurations
 * Level 9.1 Summonings
 - Level 6.0 Translocations
 - Level 4.0 Fire Magic
 - Level 5.4 Air Magic
 - Level 6.0 Earth Magic
 - Level 1.0 Poison Magic
 - Level 4.0 Evocations


You had 5 spell levels left.
You knew the following spells:

 Your Spells              Type           Power        Failure   Level  Hunger
a - Magic Dart            Conj           ####         0%          1    None
b - Conjure Flame         Conj/Fire      ######..     1%          3    None
c - Mephitic Cloud        Conj/Pois/Air  ######..     1%          3    None
d - Spellforged Servitor  Conj/Summ      ######....   5%          7    ######.
e - Iron Shot             Conj/Erth      ######....   1%          6    #####..
r - Bolt of Magma         Conj/Fire/Erth ######....   1%          5    ###....
t - Stone Arrow           Conj/Erth      ######       1%          3    None
v - Summon Lightning Spi  Summ/Air       ######..     1%          4    None
y - Blink                 Tloc           N/A          1%          2    None

Your spell library contained the following spells:

 Spells                   Type           Power        Failure   Level  Hunger
 Bolt of Fire             Conj/Fire      ######....   3%          6    #####..
 Flame Tongue             Conj/Fire      #####        1%          1    None
 Call Imp                 Summ           ######..     1%          2    None
 Poisonous Vapours        Pois/Air       ####..       1%          2    None
 Gell's Gravitas          Tloc           ######....   1%          3    None
 Force Lance              Conj/Tloc      ######..     1%          4    None
 Infusion                 Chrm           ###.         3%          1    None
 Portal Projectile        Hex/Tloc       ####..       3%          3    None
 Corpse Rot               Necr           N/A          4%          2    None
 Slow                     Hex            ###.....     4%          2    None
 Summon Forest            Summ/Tloc      ######....   4%          5    ###....
 Leda's Liquefaction      Hex/Erth       ####......   10%         4    None
 Silence                  Hex/Air        ####......   30%         5    ###....
 Excruciating Wounds      Chrm/Necr      ###.......   67%         5    ###....
 Conjure Ball Lightning   Conj/Air       ######....   2%          6    #####..
 Bolt of Cold             Conj/Ice       ######....   7%          6    #####..
 Freezing Cloud           Conj/Ice/Air   ######....   9%          6    #####..
 Dispersal                Tloc           ######....   41%         6    #####..
 Summon Hydra             Summ           ######....   54%         7    ######.
 Deflect Missiles         Chrm/Air       ####......   86%         6    #####..
 Hydra Form               Tmut           ###.......   99%         6    #####..
 Ring of Flames           Chrm/Fire      ####......   100%        7    ######.
 Controlled Blink         Tloc           N/A          100%        8    #######
 Disjunction              Tloc           ######....   100%        8    #######
 Tornado                  Air            #####.....   100%        9    #######


Dungeon Overview and Level Annotations

Branches:
Dungeon (12/15)            Temple (1/1) D:4            Lair (6/6) D:11
  Swamp (4/4) Lair:4        Snake (3/4) Lair:3        Slime (0/5) Lair:5
    Orc (2/2) D:9             Elf (0/3) Orc:2

Altars:
Ashenzari
Cheibriados
Dithmenos
Elyvilon
Fedhas
Gozag
Hepliaklqana
Kikubaaqudgha
Makhleb
Nemelex Xobeh
Okawaru
Qazlal
Ru
Sif Muna
Trog
Uskayaw
Vehumet
Wu Jian
Xom
Yredelemnul
Zin
The Shining One
Beogh

Shops:
D:8 *   D:10 =   Orc:1 *   Orc:2 }!}(   Snake:2 ([*=

Annotations:
D:5 1 runed translucent door
D:9 exclusion: 2 downstairs
Lair:1 oklobs with remove curse and gold, exclusion: 2 oklob plants
Lair:2 holy wrath doublesword
Lair:3 exclusion: downstairs
Lair:4 ghost with sling, CanOfBees's ghost, journeyman DESu
Lair:5 octoghost with gold, strifetoe's ghost, journeyman OpAs
Swamp:3 exclusion: downstairs
Swamp:4 27 head hydra
Snake:1 exclusion: downstairs
Snake:2 exclusion: downstairs
Snake:3 donald!, Donald


Innate Abilities, Weirdness & Mutations

You cannot wear most types of armour.
You are very stealthy in the water. (Stealth+)
You are amphibious.
You can wear up to eight rings at the same time.
You can use your tentacles to constrict eight enemies at once.
Your skin changes colour to match your surroundings (Stealth+).
Your rubbery body absorbs attacks. (AC +1, EV +1)


Message History

Casting: Stone Arrow (safe; 1% risk of failure)
Confirm with . or Enter, or press ? or * to list all spells.
Aiming: Stone Arrow (safe; 1% risk of failure)
Press: ? - help, Shift-Dir - straight line, f/p - black mamba
Aim: a black mamba (almost dead)
The stone arrow misses the black mamba.
The black mamba bites you!
* * * LOW HITPOINT WARNING * * *
The black mamba completely misses you. The black mamba bites you.
* * * LOW HITPOINT WARNING * * *
The black mamba completely misses you.
Casting: Stone Arrow (safe; 1% risk of failure)
Confirm with . or Enter, or press ? or * to list all spells.
Aiming: Stone Arrow (safe; 1% risk of failure)
Press: ? - help, Shift-Dir - straight line, f/p - black mamba
Aim: a black mamba (almost dead)
The stone arrow hits the black mamba!!
You kill the black mamba!
Vehumet accepts your kill.
You feel your power returning. The black mamba bites you!
You die...

.....#.#.......#.....# #.#####..
.....#.........#.....####.##.....
).........#.............#.##...#.
..........................#....##
.♣..^.......................####
................##########.##
.♣...<..........# #.#
∩.....#.##.....†## #.#
.♣....#.##......@# #.#
........#..#...S.# #.#
.♣))....)....#...# ###.#
.........>....#### #...#
..............## ###.###
....###........# #...#
.....##........##### #...#
......#............# #.[.#
......#.#.########.###?|.#


You could see a black mamba.

Vanquished Creatures
  Jorgrun (Snake:1)
  Rupert (D:12)
  Kirke (Lair:6)
  A thorn hunter (Swamp:4)
  A nagaraja (Snake:3)
  Roxanne (Snake:1)
  A minotaur (Gauntlet)
  The ghost of zishaf the Wallflower, a journeyman VSAs of Uskayaw (Orc:2)
  Snorg (D:10)
  Fannar (Lair:2)
  2 fire dragons (Lair:6)
  14 hydras
  4 naga warriors
  A catoblepas (Lair:6)
  Harold (D:7)
  A ghost crab (Swamp:3)
  4 anacondas
  12 alligators
  3 orc high priests (Orc:2)
  3 shock serpents
  3 naga sharpshooters
  Urug (D:10)
  Nergalle (D:11)
  Sonja (D:11)
  8 swamp dragons
  3 spriggan druids
  An unseen horror (D:12)
  A lindwurm (Lair:6)
  A deep elf mage (D:12)
  3 naga ritualists
  5 mana vipers
  6 orc knights
  3 ugly things
  A cyclops (Orc:1)
  2 manticores
  3 orc sorcerers (Orc:2)
  6 elephants (Lair:4)
  A guardian serpent (Snake:1)
  15 black mambas
  4 naga magi
  4 torpor snails
  20 spiny frogs
  4 rime drakes
  7 komodo dragons
  2 polar bears (Lair:1)
  4 trolls
  15 tyrant leeches
  5 bog bodies
  12 blink frogs
  15 hornets
  36 slime creatures
  4 dream sheep (Lair:6)
  12 hippogriffs
  7 shadows
  11 spriggans
  4 wyverns
  2 basilisks
  2 wraiths
  48 yaks
  3 hogs (Lair:6)
  A hungry ghost (D:8)
  6 vampire mosquitoes (Swamp:4)
  17 nagas
  A steam dragon (Lair:6)
  22 insubstantial wisps
  2 wargs (Orc:2)
  2 acid dragons
  4 large abominations (Gauntlet)
  17 swamp worms
  A soldier ant (D:9)
  14 porcupines
  17 water moccasins
  4 black bears
  30 orc warriors
  3 sky beasts
  13 swamp drakes
  2 necrophages
  2 phantoms
  A centaur (D:10)
  10 ogres
  6 wolves (Lair:6)
  15 crocodiles
  2 big kobolds
  19 bullfrogs
  4 elf zombies (Ossuary)
  A gnoll sergeant (D:5)
  A wyvern zombie (D:7)
  18 killer bees
  10 wights
  2 electric eels
  4 howler monkeys
  21 jellies
  4 crimson imps
  2 centaur zombies
  4 centaur skeletons
  A bullfrog skeleton (D:12)
  5 hounds
  2 human zombies (Ossuary)
  17 orc wizards
  20 orc priests
  8 small abominations (Gauntlet)
  A human skeleton (D:5)
  4 iguanas
  11 worker ants
  8 hell rats
  A hound zombie (D:9)
  2 hound skeletons
  2 mummies (Ossuary)
  A howler monkey zombie (D:4)
  A worker ant zombie (D:8)
  10 gnolls
  13 adders
  4 river rats (Lair:5)
  5 shadow imps
  An ooze (D:3)
  6 worms
  4 dart slugs
  4 leopard geckos
  89 orcs
  A ball python (D:5)
  4 bats
  3 giant cockroaches
  17 goblins
  18 hobgoblins
  15 jackals
  5 quokkas
  3 frilled lizards
  A goblin skeleton (D:5)
  12 hobgoblin zombies (Ossuary)
  31 kobolds
  A kobold skeleton (D:5)
  12 kobold zombies (Ossuary)
  5 orc zombies (Ossuary)
  A quokka skeleton (D:4)
  9 rats
  A rat zombie (Ossuary)
  2 briar patches (Swamp:3)
  3 fungi
  3 plants
990 creatures vanquished.

Vanquished Creatures (collateral kills)
  the Lernaean hydra (Swamp:4)
  A thorn hunter (Swamp:3)
  Aizul (Swamp:4)
  A hydra (Swamp:4)
  2 naga warriors
  5 swamp dragons
  An orc sorcerer (Orc:2)
  A mana viper (Snake:2)
  2 black mambas (Snake:2)
  2 naga magi (Snake:2)
  2 torpor snails (Lair:6)
  A tyrant leech (Swamp:4)
  2 hornets (Lair:6)
  2 slime creatures (Swamp:4)
  A spriggan (Swamp:1)
  A swamp worm (Swamp:3)
  A swamp drake (Swamp:4)
  An orc warrior (Orc:2)
  An orc priest (Orc:2)
  4 orc wizards
  2 orcs (Orc:1)
35 creatures vanquished.

Vanquished Creatures (others)
  A two-headed ogre (D:11)
  A meliai (D:11)
  A steam dragon (D:11)
  A soldier ant (D:9)
  An orc warrior (D:11)
  An ice beast (D:11)
  A wight (D:11)
  A killer bee (D:12)
  A hound (D:11)
  An orc wizard (D:11)
  A bullfrog skeleton (D:11)
  2 bushes (Lair:4)
  8 fungi
  31 plants
  2 withered plants (Lair:4)
54 creatures vanquished.

Grand Total: 1079 creatures vanquished

Notes
Turn   | Place    | Note
-------+----------+-------------------------------------------
     0 | D:1      | Gunnerkreig the Octopode Wizard began the quest for the
                  | Orb.
     0 | D:1      | Reached XP level 1. HP: 11/11 MP: 4/4
   561 | D:1      | Reached XP level 2. HP: 18/18 MP: 3/6
  1372 | D:2      | Reached XP level 3. HP: 20/22 MP: 1/7
  1458 | D:2      | Reached skill level 1 in Fighting
  1459 | D:2      | Reached skill level 2 in Conjurations
  1999 | D:2      | Reached XP level 4. HP: 28/28 MP: 1/8
  2253 | D:3      | Learned a level 3 spell: Conjure Flame
  2257 | D:3      | Learned a level 3 spell: Mephitic Cloud
  2260 | D:3      | Learned a level 2 spell: Call Imp
  2785 | D:3      | Reached skill level 3 in Conjurations
  2785 | D:3      | Reached XP level 5. HP: 19/34 MP: 1/10
  3418 | D:3      | Found a blossoming altar of Fedhas.
  3920 | D:4      | Learned a level 2 spell: Blink
  3970 | D:4      | Reached XP level 6. HP: 39/39 MP: 1/11
  4066 | D:4      | Found a staircase to the Ecumenical Temple.
  4112 | D:4      | You fall through a shaft for 2 floors!
  4316 | D:6      | Found a sand-covered staircase.
  4324 | Ossuary  | Entered an ossuary
  4827 | Ossuary  | Reached skill level 1 in Poison Magic
  4833 | Ossuary  | Reached skill level 1 in Fire Magic
  4833 | Ossuary  | Reached skill level 1 in Air Magic
  4838 | Ossuary  | Reached skill level 4 in Conjurations
  4838 | Ossuary  | Reached XP level 7. HP: 24/45 MP: 3/13
  4838 | Ossuary  | Reached skill level 5 in Stealth
  5224 | D:5      | Entered Level 5 of the Dungeon
  5372 | D:4      | Reached skill level 5 in Conjurations
  5372 | D:4      | Reached XP level 8. HP: 50/50 MP: 9/14
  5903 | Temple   | Entered the Ecumenical Temple
  5943 | Temple   | Became a worshipper of Vehumet
  6133 | D:5      | Found a runed translucent door.
  6265 | D:5      | Found a basalt altar of Yredelemnul.
  6418 | D:5      | Reached skill level 1 in Shields
  7220 | D:6      | Reached * piety under Vehumet
  7220 | D:6      | Offered knowledge of Freeze by Vehumet.
  7575 | D:6      | Reached skill level 5 in Spellcasting
  7929 | D:7      | Reached XP level 9. HP: 57/57 MP: 16/16
  8098 | D:7      | Reached skill level 6 in Conjurations
  8191 | D:7      | Found an opulent altar of Gozag.
  8369 | D:7      | Noticed a cyan ugly thing
  8378 | D:7      | Killed a cyan ugly thing
  8704 | D:7      | Noticed Harold
  8750 | D:7      | Killed Harold
  8750 | D:7      | Reached skill level 5 in Fighting
  8750 | D:7      | Reached skill level 5 in Dodging
  8750 | D:7      | Reached skill level 7 in Conjurations
  8750 | D:7      | Reached XP level 10. HP: 63/66 MP: 8/17
  8809 | D:7      | Offered knowledge of Flame Tongue by Vehumet.
  9015 | D:7      | Reached ** piety under Vehumet
  9539 | D:8      | Reached skill level 5 in Shields
  9997 | D:8      | Offered knowledge of Stone Arrow by Vehumet.
 10078 | D:8      | Found Otaesm's General Store.
 10461 | D:8      | Reached *** piety under Vehumet
 10461 | D:8      | Reached skill level 8 in Conjurations
 11435 | D:9      | Learned a level 3 spell: Stone Arrow
 11487 | D:9      | Offered knowledge of Inner Flame by Vehumet.
 11615 | D:9      | Found a staircase to the Orcish Mines.
 11807 | D:9      | Reached XP level 11. HP: 75/75 MP: 10/18
 12227 | D:10     | Entered Level 10 of the Dungeon
 12509 | D:10     | Noticed Urug
 12537 | D:10     | Killed Urug
 12537 | D:10     | Reached skill level 9 in Conjurations
 12542 | D:10     | Reached **** piety under Vehumet
 12877 | D:10     | Found the +15 Maxwell's patent armour {-Cast -Tele rElec
                  | MR+ rCorr}
 13435 | D:10     | Noticed Snorg
 13442 | D:10     | Killed Snorg
 13449 | D:10     | Offered knowledge of Force Lance by Vehumet.
 13945 | D:10     | Found Otecyept's Jewellery Emporium.
 13993 | D:11     | Noticed Sonja
 14261 | D:11     | Noticed Nergalle
 14273 | D:11     | Killed Nergalle
 14369 | D:11     | Noticed a manticore
 14370 | D:11     | Killed a two-headed ogre
 14379 | D:11     | Killed a manticore
 14880 | D:11     | Found a shimmering altar of Xom.
 14919 | D:11     | Noticed a purple ugly thing
 14929 | D:11     | Killed a purple ugly thing
 14929 | D:11     | Reached skill level 1 in Evocations
 14975 | D:11     | Got a slimy war axe
 14992 | D:11     | Identified the +6 war axe "Qocau" {flame, Str+3 Dex+8 SInv}
                  | (You found it on level 11 of the Dungeon)
 15151 | D:11     | Found a staircase to the Lair.
 15647 | D:12     | Noticed a cyan ugly thing
 15727 | D:12     | Killed a cyan ugly thing
 15727 | D:12     | Reached XP level 12. HP: 84/84 MP: 20/20
 15792 | D:12     | Found a flagged portal.
 15797 | Bailey   | Entered a bailey
 15874 | Bailey   | Got a warped shortbow
 16036 | Bailey   | Reached skill level 10 in Conjurations
 16174 | D:12     | Identified the +9 shortbow of Abuse {flame, +Blink Str+5}
                  | (You found it in a bailey)
 16192 | D:12     | Noticed Rupert
 16207 | D:12     | Killed Rupert
 16207 | D:12     | Reached ***** piety under Vehumet
 16516 | D:12     | Offered knowledge of Freezing Cloud by Vehumet.
 17289 | D:12     | Reached skill level 10 in Fighting
 17314 | D:12     | Reached skill level 10 in Dodging
 17881 | Lair:1   | Entered Level 1 of the Lair of Beasts
 17887 | Lair:1   | Reached skill level 1 in Earth Magic
 18035 | Lair:1   | Reached XP level 13. HP: 92/92 MP: 15/23
 19930 | Lair:2   | Noticed Fannar
 19946 | Lair:2   | Killed Fannar
 20280 | Lair:2   | Got a jewelled war axe
 20281 | Lair:2   | Identified the +7 war axe "Vama" {venom, +Fly rElec Dex-2
                  | Stlth-} (You found it on level 2 of the Lair of Beasts)
 20892 | Lair:3   | Found a staircase to the Snake Pit.
 20896 | Lair:3   | Reached skill level 1 in Axes
 21835 | Lair:4   | Found a staircase to the Swamp.
 22258 | Lair:4   | Found a runed translucent door.
 22258 | Lair:4   | Noticed CanOfBees's ghost (journeyman DESu)
 22350 | Lair:4   | Reached skill level 10 in Stealth
 22763 | Lair:5   | Learned a level 4 spell: Summon Lightning Spire
 22801 | Lair:5   | Found a runed translucent gate.
 22801 | Lair:5   | Found a runed translucent gate.
 22801 | Lair:5   | Found a runed translucent gate.
 22896 | Lair:5   | Reached XP level 14. HP: 94/101 MP: 17/26
 22899 | Lair:5   | Offered knowledge of Bolt of Magma by Vehumet.
 22906 | Lair:5   | Learned a level 5 spell: Bolt of Magma
 22990 | Lair:5   | Reached skill level 11 in Conjurations
 23151 | Lair:5   | Found a staircase to the Slime Pits.
 23571 | Lair:5   | Noticed strifetoe's ghost (journeyman OpAs)
 23794 | Lair:6   | Entered Level 6 of the Lair of Beasts
 24202 | Lair:6   | Noticed Kirke
 24745 | Lair:6   | Killed Kirke
 25509 | Lair:6   | Found a runed translucent door.
 25515 | Lair:6   | Offered knowledge of Iron Shot by Vehumet.
 25524 | Lair:6   | Learned a level 6 spell: Iron Shot
 25619 | Lair:6   | Paralysed by a hornet for 3 turns
 25650 | Lair:6   | Paralysed by a hornet for 2 turns
 25664 | Lair:6   | Reached skill level 5 in Summonings
 25665 | Lair:6   | Reached skill level 5 in Air Magic
 27603 | D:11     | Killed Sonja
 27699 | Orc:1    | Entered Level 1 of the Orcish Mines
 28184 | Orc:1    | Found a burning altar of Makhleb.
 28322 | Orc:2    | Entered Level 2 of the Orcish Mines
 28322 | Orc:2    | Found a runed translucent gate.
 28322 | Orc:2    | Found a runed translucent gate.
 28322 | Orc:2    | Found a runed translucent gate.
 28505 | Orc:2    | Noticed zishaf's ghost (journeyman VSAs)
 28778 | Orc:2    | Found a roughly hewn altar of Beogh.
 28788 | Orc:2    | Found a gate leading to a gauntlet.
 28807 | Gauntlet | Entered a Gauntlet
 28807 | Gauntlet | Found a transporter.
 28807 | Gauntlet | Found a transporter.
 28807 | Gauntlet | Found a transporter.
 28870 | Gauntlet | Found a transporter.
 28888 | Gauntlet | Found a transporter.
 28891 | Gauntlet | Found a transporter.
 28932 | Gauntlet | Found a transporter.
 28940 | Gauntlet | Found a runed translucent gate.
 28941 | Gauntlet | Found a transporter.
 28941 | Gauntlet | Found a runed translucent gate.
 28942 | Gauntlet | Found a runed translucent gate.
 28956 | Gauntlet | Found a transporter.
 28959 | Gauntlet | Found a transporter.
 28971 | Gauntlet | Found a transporter.
 28974 | Gauntlet | Found a transporter.
 29230 | Gauntlet | Reached skill level 12 in Conjurations
 29234 | Gauntlet | Offered knowledge of Venom Bolt by Vehumet.
 29237 | Gauntlet | Reached skill level 5 in Earth Magic
 29485 | Gauntlet | Got a wavering platinum ring
 29486 | Gauntlet | Identified the ring "Icias" {rN+ MR+ Str+3 Dex-2 Stlth+}
                  | (You found it in a Gauntlet)
 29533 | Gauntlet | Identified the +8 broad axe of Darkness {freeze, -Tele
                  | Fragile Dex+9}
 29542 | Gauntlet | Reached XP level 15. HP: 94/106 MP: 9/28
 29607 | Gauntlet | Identified the Compendium of Assistive Conjuration
 29630 | Gauntlet | Got a polished hat
 29651 | Orc:2    | Identified the +2 hat of the Special Hells {Dex+3 Stlth+}
                  | (You found it in a Gauntlet)
 29694 | Orc:2    | Found a staircase to the Elven Halls.
 30737 | Orc:2    | Found Myggail's Gadget Emporium.
 30741 | Orc:2    | Found Qiusus's Distillery.
 30747 | Orc:2    | Found Osuwn's Gadget Boutique.
 30749 | Orc:2    | Found Oginatur's Weapon Emporium.
 30952 | Orc:2    | Killed zishaf's ghost
 31065 | Orc:2    | Bought a potion of heal wounds for 85 gold pieces
 31065 | Orc:2    | Bought 2 potions of curing for 102 gold pieces
 31250 | D:10     | Bought the amulet "Zecoytiv" {+Rage rPois Str-4 Int+2} for
                  | 799 gold pieces
 31250 | D:10     | Bought the ring "Dayveuta" {+Fly MP+9 Int+3 Dex-3} for 737
                  | gold pieces
 31421 | Swamp:1  | Entered Level 1 of the Swamp
 31888 | Swamp:1  | Got a transparent flail
 31889 | Swamp:1  | Identified the cursed +0 flail of Kismet {crush, -Tele rF+
                  | Stlth+} (You found it on level 1 of the Swamp)
 33644 | Swamp:1  | Found a shimmering altar of Xom.
 33811 | Swamp:2  | Reached skill level 10 in Spellcasting
 34233 | Orc:1    | Found Uxzeucw's Assorted Antiques.
 34541 | Orc:1    | Offered knowledge of Spellforged Servitor by Vehumet.
 34575 | Orc:1    | Bought a murky white potion for 30 gold pieces
 34834 | Orc:1    | You fall through a shaft!
 35066 | Swamp:2  | Reached skill level 5 in Translocations
 35163 | Swamp:2  | Got a bloodstained dagger
 35164 | Swamp:2  | Identified the +5 dagger of Uskayaw's Hope {speed, rPois
                  | rC- Str+4} (You found it on level 2 of the Swamp)
 37132 | Swamp:3  | Reached skill level 13 in Conjurations
 37169 | Swamp:3  | Learned a level 7 spell: Spellforged Servitor
 37187 | Swamp:3  | Reached XP level 16. HP: 95/114 MP: 29/30
 37689 | Swamp:3  | Offered knowledge of Ozocubu's Refrigeration by Vehumet.
 37919 | Swamp:3  | Noticed a thorn hunter
 37924 | Swamp:3  | Killed a thorn hunter
 38393 | Swamp:4  | Entered Level 4 of the Swamp
 38866 | Swamp:4  | Noticed Aizul
 38876 | Swamp:4  | Killed Aizul
 40298 | Swamp:4  | Noticed a thorn hunter
 40303 | Swamp:4  | Killed a thorn hunter
 41333 | Swamp:4  | Noticed the 27-headed Lernaean hydra
 41411 | Swamp:4  | Killed the 27-headed Lernaean hydra
 41411 | Swamp:4  | Reached skill level 14 in Conjurations
 41784 | Swamp:4  | Got a decaying rune of Zot
 42259 | Snake:1  | Entered Level 1 of the Snake Pit
 42906 | Snake:1  | Reached XP level 17. HP: 52/121 MP: 5/32
 43402 | Snake:1  | Noticed Jorgrun
 43419 | Snake:1  | Killed Jorgrun
 44115 | Snake:1  | Offered knowledge of Bolt of Fire by Vehumet.
 44124 | Snake:1  | Noticed Roxanne
 44209 | Snake:1  | Killed Roxanne
 44635 | Snake:2  | Found Caveaw's Assorted Antiques.
 44635 | Snake:2  | Found Belipi's Weapon Shoppe.
 44635 | Snake:2  | Found Fifeack's Armour Shoppe.
 44720 | Snake:2  | Found Qegidack's Jewellery Shoppe.
 46013 | Snake:2  | Bought a scroll labeled CEP OLIN JEAT for 29 gold pieces
 46013 | Snake:2  | Bought a scroll labeled GOT CECWAMA for 29 gold pieces
 47145 | Snake:3  | Noticed Donald
 47223 | Snake:2  | Slain by a black mamba

Levels and vault maps discovered:
D:1:      saegor_arrival_miasma, layout_loops_corners
D:2:      layout_basic, minmay_small_reverse_x
D:3:      layout_rooms, serial_corexii_hall, corexii_hall_statues_x,
          corexii_hall_statues_x, chequers_hall_statues_y,
          corexii_hall_statues_i, minmay_fountain_box, fedhas_altar_4
D:4:      layout_basic, minmay_temple_entry_nine_rooms, first_ration,
          chequers_jeans
D:5:      layout_cave_pools, dk_yredelemnul_ordeal
D:6:      layout_loops_cross, nicolae_ossuary_entry_monument, chequers_arboretum
D:7:      layout_basic, kennysheep_little_box, uniq_harold
D:8:      layout_basic, serial_shops, nicolae_shop_trees
D:9:      layout_loops_ring, erik_orc_3, hangedman_pestilent_swarm
D:10:     layout_rooms, serial_shops, shop, uniq_urug, uniq_snorg
D:11:     layout_loops_corners, lair_entry_dummy, xom_confusion_cloud,
          uniq_sonja, uniq_nergalle
D:12:     layout_basic, enter_bailey_3, st_stairs_13,
          chequers_serial_rivers_small_3, hangedman_abyss_or_decor_stagger,
          uniq_rupert
Temple:   dpeg_three_leaves_temple
Lair:1:   layout_cave_pods, gammafunk_lair_bear_cave, minmay_lair_oklob_chamber
Lair:2:   layout_big_grid, grunt_megastairs_1, uniq_fannar
Lair:3:   layout_loops_ring, minmay_snake_entry_guardpost_small,
          nicolae_quartered_pool_medium
Lair:4:   layout_concentric_octagons, swamp_mist, gammafunk_ghost_grave,
          serial_forest, infiniplex_forest_zigzag_2,
          infiniplex_forest_lined_corner, infiniplex_forest_lined_2,
          infiniplex_forest_clump_curved, infiniplex_forest_clump_medium,
          infiniplex_forest_lined_corner
Lair:5:   layout_regular_city, minmay_slime_entry_jelly_boxes,
          ebering_ghost_rock_garden, kennysheep_abandoned_house,
          grunt_megastairs_5
Lair:6:   guppyfry_lair_end_dragon, layout_regular_city, wormcave,
          grunt_megastairs_3, uniq_kirke
Swamp:1:  layout_falls_marsh, basic_altar
Swamp:2:  layout_basic_swamp, hangedman_swamp_ruin_wall, swamp_pool2
Swamp:3:  layout_basic_swamp, evilmike_swamp_ruin_house_3, swamp_pool4
Swamp:4:  swamp_old_school, layout_basic_swamp, uniq_aizul
Snake:1:  layout_gridlike, uniq_roxanne, uniq_jorgrun
Snake:2:  layout_misc_corridors, minmay_shop_grid_forest
Snake:3:  layout_chambers, uniq_donald
Orc:1:    layout_caves, serial_shops, shop, bloody_makhleb
Orc:2:    st_orc_elflike, layout_diamond_mine, ebering_ghost_rock_garden,
          gauntlet_entry_generic, mines2_david
Ossuary:  ossuary_tomb_1
Bailey:   bailey_axe_4, bailey
Gauntlet: minmay_gauntlet_mixed_big_or_small [nicolae_gauntlet_arena_blocks,
          minmay_gauntlet_arena_77_mirror, gammafunk_gauntlet_arena_open,
          minmay_gauntlet_arena_77_braids, gammafunk_gauntlet_arena_spirals,
          minmay_gauntlet_arena_77_run_for_it,
          nicolae_gauntlet_exit_dead_adventurers]

Skill      XL: |  1  2  3  4  5  6  7  8  9 10 11 12 13 14 15 16 17 |
---------------+----------------------------------------------------+-----
Stealth        | 3 4 5 6 8 10 | 10.0
Fighting       | 1 2 3 5 7 8 10 11 12 | 12.4
Conjurations   | 2 3 4 5 7 8 9 10 12 13 14 | 14.9
Poison Magic   | 1 |  1.0
Fire Magic     | 1 2 3 4 |  4.0
Air Magic      | 1 2 3 5 |  5.4
Spellcasting   | 4 5 7 8 9 10 11 | 11.7
Translocations | 2 3 5 6 |  6.0
Summonings     | 2 3 5 7 9 |  9.1
Shields        | 2 4 5 |  5.0
Dodging        | 3 5 7 8 10 11 12 | 12.4
Evocations     | 2 4 |  4.0
Earth Magic    | 1 3 5 6 |  6.0
Axes           | 3 4 |  4.0

Action                   |  1- 3 |  4- 6 |  7- 9 | 10-12 | 13-15 | 16-18 || total
-------------------------+-------+-------+-------+-------+-------+-------++-------
Melee: Unarmed           |     4 |       |       |       |       |       ||     4
       Constrict         |     8 |    23 |    21 |    37 |    57 |     9 ||   155
       Dagger            |     3 |       |       |       |    48 |    40 ||    91
       Tentacles         |     4 |    13 |    13 |    39 |   133 |    11 ||   213
       Short sword       |    10 |    19 |       |       |       |       ||    29
       Spear             |       |    13 |       |       |       |       ||    13
       Staff             |       |    32 |    56 |    40 |       |       ||   128
       Long sword        |       |       |       |    66 |       |       ||    66
       War axe           |       |       |       |    71 |   406 |    24 ||   501
       Double sword      |       |       |       |     3 |       |       ||     3
Throw: Stone             |       |    18 |    10 |       |       |       ||    28
       Tomahawk          |       |       |     6 |     6 |       |       ||    12
       Javelin           |       |       |       |       |       |     1 ||     1
 Cast: Magic Dart        |    74 |   134 |   251 |   653 |   577 |   107 ||  1796
       Mephitic Cloud    |       |     3 |    15 |    29 |    43 |     2 ||    92
       Conjure Flame     |       |    11 |    28 |    81 |   151 |    43 ||   314
       Blink             |       |       |     1 |     2 |     7 |     4 ||    14
       Stone Arrow       |       |       |       |    45 |   447 |   320 ||   812
       Summon Lightning  |       |       |       |       |    10 |     1 ||    11
       Iron Shot         |       |       |       |       |    18 |    55 ||    73
       Bolt of Magma     |       |       |       |       |    14 |    62 ||    76
       Spellforged Servi |       |       |       |       |       |    13 ||    13
Evoke: Wand              |       |       |     2 |    10 |       |     2 ||    14
       Box of beasts     |       |       |       |       |       |     1 ||     1
  Use: Scroll            |       |    15 |     6 |     9 |     9 |     6 ||    45
       Potion            |       |       |     1 |     6 |     6 |     3 ||    16
 Stab: Confused          |       |     3 |     4 |    11 |    14 |       ||    32
       Sleeping          |       |     1 |       |       |     4 |       ||     5
       Distracted        |       |       |       |     1 |     2 |       ||     3
  Eat: Chunk             |     3 |     8 |    11 |    34 |    55 |    21 ||   132
       Ration            |       |       |     1 |       |     4 |    10 ||    15
Armor: Skin              |       |     2 |     5 |    15 |    28 |    25 ||    75
Dodge: Dodged            |    10 |    30 |    36 |   158 |   385 |   207 ||   826
Block: Buckler           |       |       |     4 |    78 |   182 |    73 ||   337
       Rpst.: Long sword |       |       |       |    13 |       |       ||    13
       Double sword      |       |       |       |     1 |       |       ||     1

Table legend:
 A = Non-vault XP
 B = Vault XP
 C = Vault XP percentage of total XP
 D = Non-vault monster count
 E = Vault monster count
 F = Vault count percentage of total count
                 A         B        C        D         E       F
            +---------+---------+-------+---------+---------+-------
      Total |  147370 |   64221 |  30.4 |     754 |     265 |  26.0
            +---------+---------+-------+---------+---------+-------
        D:1 |      25 |       0 |   0.0 |      13 |       0 |   0.0
        D:2 |      49 |      13 |  21.0 |      19 |       4 |  17.4
        D:3 |     130 |       0 |   0.0 |      23 |       0 |   0.0
        D:4 |     382 |       0 |   0.0 |      25 |       0 |   0.0
        D:5 |     568 |      38 |   6.3 |      13 |       3 |  18.8
        D:6 |     511 |       0 |   0.0 |      19 |       0 |   0.0
        D:7 |    2215 |     965 |  30.3 |      35 |       1 |   2.8
        D:8 |    2416 |       0 |   0.0 |      41 |       0 |   0.0
        D:9 |    1726 |     486 |  22.0 |      26 |      18 |  40.9
       D:10 |    2024 |    1900 |  48.4 |      22 |       2 |   8.3
       D:11 |    3151 |    1691 |  34.9 |      23 |       4 |  14.8
       D:12 |    9695 |    3376 |  25.8 |      57 |       7 |  10.9
     Lair:1 |    3710 |     792 |  17.6 |      17 |       4 |  19.0
     Lair:2 |    3600 |    2603 |  42.0 |      17 |       8 |  32.0
     Lair:3 |    3235 |     482 |  13.0 |      17 |       3 |  15.0
     Lair:4 |    7210 |       0 |   0.0 |      26 |       0 |   0.0
     Lair:5 |    4812 |    1396 |  22.5 |      21 |      29 |  58.0
     Lair:6 |    7668 |   13370 |  63.6 |      29 |      41 |  58.6
    Swamp:1 |   14360 |       0 |   0.0 |      37 |       0 |   0.0
    Swamp:2 |    7148 |       0 |   0.0 |      25 |       0 |   0.0
    Swamp:3 |   17887 |       0 |   0.0 |      51 |       0 |   0.0
    Swamp:4 |   17159 |   18567 |  52.0 |      49 |      26 |  34.7
    Snake:1 |   11274 |    4242 |  27.3 |      21 |       2 |   8.7
    Snake:2 |   16114 |       0 |   0.0 |      34 |       0 |   0.0
    Snake:3 |    4439 |       0 |   0.0 |       6 |       0 |   0.0
      Orc:1 |    3657 |       0 |   0.0 |      47 |       0 |   0.0
      Orc:2 |    2205 |    8447 |  79.3 |      41 |      28 |  40.6
    Ossuary |       0 |     584 | 100.0 |       0 |      39 | 100.0
     Bailey |       0 |     525 | 100.0 |       0 |      27 | 100.0
   Gauntlet |       0 |    4744 | 100.0 |       0 |      19 | 100.0
            +---------+---------+-------+---------+---------+-------
